cohdb
Replays
Latest Replays
All Replays
Popular Replays
Top Player Replays
Match Explorer
How It Works
Community
CoH3 Stats
Reddit
Sign in to upload your games and track your stats! →
Sign in with Steam
Match 45659409
Unlisted
Match 45659409
Overview
Messages
Build Orders
End
Selects Battlefield Espionage Battlegroup
Panzergrenadier Squad
Kradschützen Motorcycle Team
Panzergrenadier Squad
Construct Light Support Kompanie
Assault Grenadier Squad
Selects Intel Disruption Beacon
2.5-tonne Medical Truck
Construct Mechanized Kompanie
Panzerjäger Squad
Panzerjäger Squad
Selects 250/3 Funkpanzerwagen
Selects Advanced Ambush Training
Support Armor Elements
StuG III D Assault Gun
Veteran Squad Leaders
Selects Plunder
Advanced Optics
254 Reconnaissance Tractor
Selects Firestorm
Firestorm
Firestorm
Construct Panzerarmee Kommand
Selects Operation Skorpion
Armored Reserves
Firestorm
Tiger Heavy Tank
Firestorm
Tungsten Core Ammunition
Operation Skorpion
Revy106
killmars000
FLOKL
Üc207Pr4f57t9
小方2333
gskogowk
0
0
Comments
sign in to comment!
No comments posted yet!